 Dungeon Crawl Stone Soup version 0.22.1-1-ga44c0e5 (webtiles) character file.

118 smcx the Cudgeler (level 4, 0/41 HPs)
             Began as a Minotaur Berserker on Oct 11, 2018.
             Was a Believer of Trog.
             Slain by a wight
             ... wielding a +5 falchion
              (3 damage)
             ... on level 2 of the Dungeon.
             The game lasted 00:06:20 (950 turns).

smcx the Cudgeler (Minotaur Berserker)               Turns: 950, Time: 00:06:21

Health: 0/41       AC:  9    Str: 23    XL:     4   Next: 72%
Magic:  3/3        EV:  8    Int:  4    God:    Trog [**....]
Gold:   119        SH:  0    Dex:  9    Spells: 3/3 levels left

rFire    . . .     SeeInvis .   p - +4 mace
rCold    . . .     Gourm    .   (no shield)
rNeg     . . .     Faith    .   e - +0 chain mail
rPois    .         Spirit   .   (helmet restricted)
rElec    .         Reflect  .   (no cloak)
rCorr    .         Harm     .   (no gloves)
MR       .....                  (no boots)
Stlth    ..........             (no amulet)
HPRegen  0.13/turn              (no ring)
MPRegen  0.08/turn              (no ring)

@: drained
A: retaliatory headbutt, horns 2
a: Berserk, Trog's Hand, Renounce Religion


You were on level 2 of the Dungeon.
You worshipped Trog.
Trog was pleased with you.
You were not hungry.

You visited 1 branch of the dungeon, and saw 2 of its levels.

You collected 119 gold pieces.

Inventory:

Hand Weapons
 a - a +0 mace
 p - a +4 mace (weapon)
Armour
 b - a +0 animal skin
 e - a +0 chain mail (worn)
Scrolls
 f - a scroll of identify
 g - a scroll of enchant armour {unknown}
 j - a scroll of fog {unknown}
 k - a scroll of remove curse {unknown}
 l - a scroll of teleportation {unknown}
 m - a scroll of enchant weapon {unknown}
 n - a scroll of immolation {unknown}
Potions
 h - 2 potions of degeneration {unknown}
 i - 2 potions of lignification {unknown}
 o - a potion of berserk rage {unknown}
Comestibles
 c - 3 rations
 d - 4 chunks of flesh


   Skills:
 + Level 4.8(4.3) Fighting
 + Level 4.8(4.2) Maces & Flails
 + Level 4.0(3.5) Armour
 - Level 2.1(1.6) Dodging


You had 3 spell levels left.
You didn't know any spells.
Your spell library was empty.

Dungeon Overview and Level Annotations

Branches:
Dungeon (2/15)

Altars:


Innate Abilities, Weirdness & Mutations

You reflexively headbutt those who attack you in melee.
You have a pair of horns on your head.


Message History

The wight hits you with an enchanted falchion.
* * * LOW HITPOINT WARNING * * *
You feel drained.
You completely miss the wight.
You headbutt the wight, but do no damage.
The wight is moderately damaged.
The wight hits you but does no damage.
Some of the chunks of flesh in your inventory have rotted away.
You hit the wight.
The wight is heavily damaged.
The wight hits you but does no damage.
Unknown command.
You closely miss the wight.
The wight is heavily damaged.
The wight hits you with an enchanted falchion.
* * * LOW HITPOINT WARNING * * *
You hit the wight.
The wight is almost destroyed.
The wight hits you with an enchanted falchion.
You die...

................#....#.# #..#
................#....#.# #..#.
......(.........#....#.# #....
................#....#.###.#..
...............#.รท........#.>
###............#..........###
#........................#
#.........z####..........#
#....?.)...@.............#
#.....?....#####.........#
#..........# #.........#
#..........# #########.#
#........).# .) #..........#
### #..........# #..........#
#..........#


You could see a wight.

Vanquished Creatures
  2 wights (D:2)
  2 dart slugs
  A leopard gecko (D:2)
  3 giant cockroaches
  4 hobgoblins
  3 kobolds (D:1)
  6 bats
  5 frilled lizards (D:1)
  5 goblins (D:1)
  2 rats (D:1)
33 creatures vanquished.

Notes
Turn   | Place    | Note
-------+----------+-------------------------------------------
     0 | D:1      | smcx the Minotaur Berserker began the quest for the Orb.
     0 | D:1      | Reached XP level 1. HP: 19/19 MP: 0/0
   182 | D:1      | Reached XP level 2. HP: 25/27 MP: 1/1
   850 | D:2      | Reached ** piety under Trog
   850 | D:2      | Reached XP level 3. HP: 33/33 MP: 2/2
   943 | D:2      | Reached XP level 4. HP: 13/41 MP: 3/3
   949 | D:2      | HP: 2/41 [wight/enchanted falchion (2)]
   950 | D:2      | Slain by a wight

Skill      XL: |  1  2  3  4 |
---------------+-------------+-----
Fighting       | 4 |  4.8
Maces & Flails | 4 |  4.8
Armour         | 3 4 |  4.0
Dodging        | |  2.1

Action                   |  1- 3 |  4- 6 || total
-------------------------+-------+-------++-------
Melee: Mace              |    65 |     6 ||    71
       Headbutt          |    10 |     1 ||    11
  Use: Scroll            |     1 |       ||     1
Armor: Chain mail        |    32 |     2 ||    34
       Animal skin       |     4 |       ||     4
Dodge: Dodged            |    32 |     1 ||    33
